 Dungeon Crawl Stone Soup version 0.31-a0-145-g046c7d2549 (webtiles) character file.

Game seed: 4800139937856730317

50263 jlumianski the Spry (level 14, -3/96 HPs)
             Began as a Djinni Fire Elementalist on June 6, 2023.
             Was the Champion of Makhleb.
             Slain by a boulder beetle (21 damage)
             ... on level 5 of the Lair of Beasts on June 7, 2023.
             The game lasted 03:17:32 (19299 turns).

jlumianski the Spry (Djinni Fire Elementalist)     Turns: 19299, Time: 03:17:33

Health: -3/96      AC:  5    Str:  7    XL:     14   Next: 96%
Gold:   586        EV: 25    Int: 27    God:    Makhleb [******] SH:  0 Dex: 15

rFire   + + +        J - staff of fire
rCold   . . .        (no shield)
rNeg    . . .        H - +2 robe {rF+}
rPois   ∞            (no helmet)
rElec   +            E - scarf {rC+ rF+}
rCorr   .            O - +0 pair of gloves of Rifon {rElec}
SInv    .            (boots unavailable)
Will    +....        Y - amulet of regeneration
Stlth   ++++         Z - +6 ring of intelligence
HPRegen 1.16/turn    A - +5 ring of evasion
MPRegen 0.00/turn

%: infuse magic (-4 HP)
@: flying
A: sickness immunity, fire resistance 2, cold vulnerability 1, float, innate
caster, HP casting, extra vitality 1
a: Renounce Religion, Minor Destruction, Lesser Servant of Makhleb, Major
Destruction, Greater Servant of Makhleb


You were on level 5 of the Lair of Beasts.
You worshipped Makhleb.
Makhleb was exalted by your worship.
You visited 2 branches of the dungeon, and saw 18 of its levels.
You also visited: Bailey.

You collected 1046 gold pieces.
You spent 460 gold pieces at shops.

Inventory:

Hand Weapons
 x - the +9 sling of Fragile Peace {flame, rN+ Will- rCorr}
   (You found it on level 2 of the Lair of Beasts)

   rN:        It protects you from negative energy.
   rCorr:     It protects you from acid and corrosion.
   Will:      It decreases your willpower.
Missiles
 t - 47 poisoned darts (quivered)
 w - 5 silver javelins
 B - a throwing net
 M - 28 boomerangs
 N - 8 javelins
Armour
 E - a scarf of resistance (worn)
 H - a +2 robe of fire resistance (worn)
 O - the +0 pair of gloves of Rifon (worn) {rElec}
   (You found it in a bailey)

   rElec:     It insulates you from electricity.
Magical Staves
 f - a staff of conjuration
 s - a staff of death
 J - a staff of fire (weapon)
 L - a staff of cold
 P - a staff of earth
Jewellery
 e - a +6 ring of dexterity
 m - a ring of fire
 r - a ring of protection from cold
 A - a +5 ring of evasion (right hand)
 D - a ring of see invisible
 I - an amulet of the acrobat
 Y - an amulet of regeneration (around neck)
 Z - a +6 ring of intelligence (left hand)
Wands
 y - a wand of digging (11)
 C - a wand of flame (52)
 F - a wand of paralysis (6)
 W - a wand of roots (21)
Scrolls
 b - 6 scrolls of identify
 c - a scroll of immolation
 h - 3 scrolls of silence
 k - a scroll of magic mapping
 p - 2 scrolls of fog
 v - 2 scrolls of blinking
 G - a scroll of butterflies
 K - 2 scrolls of teleportation
 S - 2 scrolls of poison
 T - a scroll of fear
 V - 2 scrolls of enchant weapon
Potions
 a - 2 potions of attraction
 d - a potion of mutation
 g - a potion of invisibility
 i - 6 potions of heal wounds
 j - 3 potions of enlightenment
 l - a potion of haste
 o - 7 potions of might
 q - a potion of berserk rage
 u - a potion of cancellation
 z - 9 potions of curing
 Q - a potion of brilliance
Miscellaneous
 n - a box of beasts
 R - a lightning rod (4/4)
 U - a phantom mirror


   Skills:
 - Level 7.0 Fighting
 - Level 0.7 Staves
 + Level 0.1 Throwing
 * Level 15.0 Dodging
 * Level 9.9 Stealth
 - Level 9.2 Spellcasting
 - Level 9.2 Conjurations
 - Level 9.2 Hexes
 - Level 9.2 Summonings
 - Level 9.2 Necromancy
 - Level 9.2 Translocations
 - Level 9.2 Transmutations
 - Level 9.2 Fire Magic
 - Level 9.2 Ice Magic
 - Level 9.2 Air Magic
 - Level 9.2 Earth Magic
 - Level 9.2 Poison Magic
 * Level 9.6 Invocations
 * Level 8.4 Evocations


You knew the following spells:

 Your Spells              Type           Power      Damage    Failure   Level
a - Foxfire               Conj/Fire      100%       2x1d9     1%          1
b - Scorch                Fire           100%       2d9       1%          2
c - Volatile Blastmotes   Fire/Tloc      100%       2d18      1%          3
d - Inner Flame           Hex/Fire       76%        N/A       1%          3
e - Flame Wave            Conj/Fire      76%        2d17      1%          4
f - Slow                  Hex            100%       N/A       1%          1
g - Call Imp              Summ           100%       N/A       1%          2
h - Call Canine Familiar  Summ           58%        N/A       1%          3
i - Stone Arrow           Conj/Erth      100%       3d13      1%          3
j - Irradiate             Conj/Tmut      29%        3d21      3%          5
k - Alistair's Intoxicat  Tmut/Pois      38%        N/A       3%          5
Your spell library was empty.

Dungeon Overview and Level Annotations

Branches:
Dungeon (13/15)            Temple (0/1) D:5            Lair (5/5) D:8
  Swamp (0/4) Lair:2       Spider (0/4) Lair:2        Slime (0/5) Lair:4
    Orc (0/2) D:12         Bailey (visited)
 Vaults: D:13-14

Altars:
Ashenzari
Elyvilon
Fedhas
Hepliaklqana
Makhleb
Okawaru
Qazlal
Ru
Trog
Wu Jian
Xom
The Shining One

Shops:
D:8 =   D:9 [![(

Annotations:
D:4 2 transporters


Innate Abilities, Weirdness & Mutations

You are immune to sickness and miasma.
You are immune to poison.
Your flesh is very heat resistant. (rF++)
You are vulnerable to cold. (rC-)
You float through the air rather than walking.
You learn spells naturally, not from books.
Your magical power is your life essence.
You have superior vitality. (+4 MHP)


Message History

The blink frog blinks!
Your cerulean imp misses the blink frog.
The blink frog hits you!
You closely miss the blink frog.
The blink frog is lightly wounded.
Your cerulean imp hits the blink frog with a +1 spear.
The blink frog completely misses you.
You hit the blink frog. You burn the blink frog.
The blink frog is heavily wounded.
The blink frog misses you.
Your cerulean imp barely misses the blink frog.
The blink frog hits you!
The blink frog blinks!
Your cerulean imp hits the blink frog from afar with a +1 spear.
Found a rapier and a short sword.
The blink frog blinks!
Your cerulean imp closely misses the blink frog.
The blink frog blinks!
The blink frog blinks!
Your cerulean imp barely misses the blink frog.
The blink frog barely misses your cerulean imp.
Your cerulean imp hits the blink frog with a +1 spear.
Something hits your cerulean imp.
The blink frog blinks!
A boulder beetle comes into view.
The boulder beetle curls into a ball and begins rolling!
Your cerulean imp closely misses the blink frog.
The blink frog blinks!
You swap places.
The boulder beetle attacks as you move away!
The boulder beetle hits you!!!
The boulder beetle stops rolling and uncurls.
The blink frog blinks!
The boulder beetle curls into a ball and begins rolling!
Casting: Call Imp (safe; 1% risk of failure)
Confirm with . or Enter, or press ? or * to list all spells.
The boulder beetle hits you!!!
* * * LOW HITPOINT WARNING * * *
The boulder beetle stops rolling and uncurls.
The boulder beetle attacks as you move away!
The boulder beetle bites you!!
You die...

............##......##.. #....#
...........# ....###.###
.......÷..P# ##.#.###.#
..........## #######....#.#####
.........<.###.##..P....P.#P.P.
...............................
..................)............
.............5..h..............
♣♣...........B@..............(.
♣♣........#°#.+##.#...........
♣♣♣♣......##..####...##......
♣.....###...###P...##.##.#
♣♣..... .#..##..P.###+##..
♣♣...○ ..........# #....P
♣..°#...)...##..###.....
♣..°##.##.#.#.§.##...... ###
##...##.P...


You could see a boulder beetle (ally target), a friendly wolf (summoned) and a
friendly cerulean imp (summoned).

Vanquished Creatures
  4 hydras
  3 two-headed ogres
  A boulder beetle (Lair:1)
  2 death yaks (Lair:4)
  3 skysharks
  A flayed ghost (D:12)
  Pikel (D:8)
  2 phantasmal warriors (D:12)
  The ghost of Kyrie the Covered, a novice MiFi of Okawaru (D:6)
  An orc knight (Bailey)
  3 cyclopes
  4 elephants
  7 slime creatures (D:12)
  4 black mambas
  2 gargoyles
  5 cane toads
  2 unseen horrors (D:12)
  2 rime drakes (Lair:4)
  7 komodo dragons
  3 freezing wraiths (D:12)
  4 polar bears
  Grinder (D:5)
  2 trolls
  13 blink frogs
  10 dream sheep
  Sigmund (D:6)
  A jumping spider (Lair:2)
  A shadow (D:12)
  Eustachio (D:3)
  A vampire (D:10)
  A culicivora (Lair:2)
  2 wraiths (D:9)
  2 wyverns
  21 yaks
  5 redbacks (Lair:2)
  4 basilisks
  A steam dragon (D:7)
  2 acid dragons
  3 swamp worms (Lair:2)
  9 water moccasins
  Duvessa (D:6)
  9 orc warriors
  An ice beast (D:8)
  4 black bears
  4 sky beasts
  An ogre (D:5)
  2 wolves
  A centaur (D:10)
  4 lemures
  A phantom (D:6)
  A kobold brigand (D:9)
  15 bullfrogs
  Blork the orc (D:4)
  4 scorpions
  A gnoll sergeant (D:10)
  Dowan (D:6)
  13 killer bees
  7 howler monkeys
  9 electric eels
  9 hounds
  5 jellies
  6 orc priests
  A sleepcap (D:7)
  2 gnoll boudas
  2 iguanas (Lair:2)
  5 hell rats (Lair:3)
  10 orc wizards
  6 adders
  15 gnolls
  2 white imps
  2 worms
  A dart slug (D:2)
  34 orcs
  9 endoplasms
  10 giant cockroaches
  8 goblins
  14 hobgoblins
  26 kobolds
  A quokka (D:2)
  7 ball pythons
  9 bats
  2 frilled lizards
  4 rats
413 creatures vanquished.

Vanquished Creatures (collateral kills)
  The ghost of juan097 the Cleaver, a journeyman MiFi of Ru (D:12)
  2 two-headed ogres
  3 elephants (Lair:2)
  2 black mambas
  5 cane toads
  2 komodo dragons
  A rime drake (Lair:4)
  A polar bear (Lair:3)
  A hornet (D:9)
  2 dream sheep
  3 blink frogs
  A jumping spider (Lair:2)
  8 yaks
  A wraith (D:10)
  A wyvern (D:7)
  A swamp worm (Lair:2)
  6 water moccasins
  An orc warrior (Bailey)
  2 kobold brigands
  A bullfrog (D:9)
  A killer bee (D:10)
  5 howler monkeys
  2 electric eels
  2 orc wizards
  A hell rat (Lair:3)
  4 gnolls (D:10)
  8 orcs
  5 endoplasms (Lair:4)
  2 goblins (D:8)
  7 kobolds
82 creatures vanquished.

Vanquished Creatures (others)
  A cane toad (Lair:2)
  557 foxfires
558 creatures vanquished.

Grand Total: 1053 creatures vanquished

Notes
Turn   | Place    | Note
-------+----------+-------------------------------------------
     0 | D:1      | jlumianski the Djinni Fire Elementalist began the quest for
                  | the Orb.
     0 | D:1      | jlumianski set off with the following spells memorised:
                  | Foxfire, Scorch, Volatile Blastmotes, Inner Flame, Flame
                  | Wave.
     0 | D:1      | Reached XP level 1. HP: 15/15 MP: 0/0
    83 | D:1      | Reached XP level 2. HP: 19/21 MP: 0/0
   490 | D:1      | Reached XP level 3. HP: 24/25 MP: 0/0
   490 | D:1      | Learned a level 1 spell: Slow
   817 | D:2      | Found a faded altar of an unknown god.
   821 | D:2      | Noticed a black bear
   869 | D:2      | Reached skill level 3 in Dodging
  1007 | D:2      | Killed a black bear
  1008 | D:2      | Reached XP level 4. HP: 29/31 MP: 0/0
  1008 | D:2      | Reached XP level 5. HP: 32/35 MP: 0/0
  1008 | D:2      | Learned a level 2 spell: Call Imp
  1028 | D:2      | Reached skill level 4 in Dodging
  2069 | D:3      | Found a burning altar of Makhleb.
  2108 | D:3      | Found a shimmering altar of Xom.
  2241 | D:3      | Reached XP level 6. HP: 41/41 MP: 0/0
  2255 | D:3      | Found a faded altar of an unknown god.
  2260 | D:3      | Found a white marble altar of Elyvilon.
  2300 | D:3      | Became a worshipper of Makhleb the Destroyer
  2576 | D:4      | Noticed Blork the orc
  2595 | D:4      | Killed Blork the orc
  2605 | D:4      | Found a transporter.
  2728 | D:4      | Found a transporter.
  2772 | D:5      | Entered Level 5 of the Dungeon
  2781 | D:4      | Noticed a black bear
  2800 | D:3      | HP: 2/41 [black bear (3)]
  2801 | D:3      | Killed a black bear
  2802 | D:3      | Reached skill level 1 in Fighting
  2802 | D:3      | Reached XP level 7. HP: 3/47 MP: 0/0
  2802 | D:3      | Learned a level 3 spell: Call Canine Familiar
  3260 | D:4      | Noticed Eustachio
  3426 | D:4      | Found an iron altar of Okawaru.
  3452 | D:3      | Killed Eustachio
  3453 | D:3      | Reached skill level 5 in Spellcasting
  3453 | D:3      | Reached skill level 5 in Conjurations
  3453 | D:3      | Reached skill level 5 in Hexes
  3453 | D:3      | Reached skill level 5 in Summonings
  3453 | D:3      | Reached skill level 5 in Necromancy
  3453 | D:3      | Reached skill level 5 in Translocations
  3453 | D:3      | Reached skill level 5 in Transmutations
  3453 | D:3      | Reached skill level 5 in Fire Magic
  3453 | D:3      | Reached skill level 5 in Ice Magic
  3453 | D:3      | Reached skill level 5 in Air Magic
  3453 | D:3      | Reached skill level 5 in Earth Magic
  3453 | D:3      | Reached skill level 5 in Poison Magic
  3596 | D:4      | Reached * piety under Makhleb
  3800 | D:4      | Found a hazy altar of Hepliaklqana.
  3851 | D:5      | Reached XP level 8. HP: 38/55 MP: 0/0
  4148 | D:5      | Found a staircase to the Ecumenical Temple.
  4261 | D:6      | Noticed Duvessa
  4371 | D:5      | Noticed Grinder
  4399 | D:5      | Found a bloodstained altar of Trog.
  4399 | D:5      | Found a broken altar of Ashenzari.
  4466 | D:5      | Paralysed by Grinder for 4 turns
  4473 | D:5      | Killed Grinder
  4580 | D:5      | Paralysed by an orc for 3 turns
  4588 | D:5      | Paralysed by an orc for 3 turns
  5141 | D:6      | Noticed Sigmund
  5148 | D:6      | Noticed Kyrie's ghost (novice MiFi)
  5151 | D:6      | Found a runed translucent door.
  5275 | D:6      | Reached XP level 9. HP: 57/60 MP: 0/0
  5275 | D:6      | Learned a level 3 spell: Stone Arrow
  5283 | D:6      | Noticed Dowan
  5313 | D:6      | Killed Dowan
  5315 | D:6      | Killed Duvessa
  5315 | D:6      | Reached ** piety under Makhleb
  5534 | D:6      | Killed Sigmund
  5795 | D:6      | HP: 3/62 [yak (14)]
  5800 | D:6      | Found a blossoming altar of Fedhas.
  6033 | D:6      | Reached skill level 5 in Dodging
  6401 | D:6      | Killed Kyrie's ghost
  6402 | D:6      | Reached skill level 5 in Fighting
  6402 | D:6      | Reached skill level 6 in Dodging
  6402 | D:6      | Reached skill level 1 in Invocations
  6402 | D:6      | Reached XP level 10. HP: 58/70 MP: 0/0
  6584 | D:8      | Found a flagged portal.
  6593 | Bailey   | Entered a bailey
  6644 | Bailey   | Noticed an orc knight
  6806 | Bailey   | Identified the +0 pair of gloves of Rifon {rElec}
  6890 | Bailey   | Killed an orc knight
  6891 | Bailey   | Reached skill level 5 in Stealth
  7597 | D:8      | Found a staircase to the Lair.
  7642 | D:7      | Reached *** piety under Makhleb
  7643 | D:7      | Reached skill level 7 in Dodging
  7653 | D:7      | Found a sacrificial altar of Ru.
  8281 | D:7      | Found an ornate altar of the Wu Jian Council.
  8719 | D:8      | Noticed a two-headed ogre
  8733 | D:8      | Killed a two-headed ogre
  8734 | D:8      | Reached skill level 8 in Dodging
  8734 | D:8      | Reached XP level 11. HP: 63/78 MP: 0/0
  8734 | D:8      | Learned a level 5 spell: Irradiate
  9203 | D:8      | Reached skill level 9 in Dodging
  9346 | D:8      | Noticed Pikel
  9413 | D:8      | Killed Pikel
  9506 | D:10     | Entered Level 10 of the Dungeon
  9550 | D:8      | Found Torel's Jewellery Emporium.
  9558 | D:8      | Bought an amulet of regeneration for 390 gold pieces
  9647 | D:8      | Found a glowing golden altar of the Shining One.
  9838 | D:8      | Found a stormy altar of Qazlal.
 10271 | D:8      | Reached skill level 10 in Dodging
 10271 | D:8      | Reached skill level 1 in Evocations
 10487 | D:9      | Reached **** piety under Makhleb
 10736 | D:9      | Found Azikak's Weapon Shop.
 10740 | D:9      | Found Yluanos's Antique Armour Shop.
 10741 | D:9      | Found Ytaf's Antique Armour Shop.
 10796 | D:9      | Found Iloi's Distillery.
 10829 | D:9      | Bought a potion of heal wounds for 70 gold pieces
 10956 | D:10     | Reached skill level 11 in Dodging
 10956 | D:10     | Reached skill level 5 in Invocations
 11585 | D:10     | Reached XP level 12. HP: 85/85 MP: 0/0
 11611 | D:10     | Noticed a two-headed ogre
 11624 | D:10     | Killed a two-headed ogre
 12408 | D:11     | Noticed a two-headed ogre
 13273 | D:12     | Found a staircase to the Orcish Mines.
 13449 | D:12     | Noticed a two-headed ogre
 13460 | D:12     | Killed a two-headed ogre
 13548 | D:13     | Noticed a centaur warrior
 13716 | D:12     | Reached skill level 12 in Dodging
 14136 | D:12     | Noticed a two-headed ogre
 14159 | D:12     | Killed a two-headed ogre
 14377 | D:12     | Found a runed translucent gate.
 14382 | D:12     | Found a runed translucent gate.
 14383 | D:12     | Found a runed translucent gate.
 14385 | D:12     | Noticed juan097's ghost (journeyman MiFi)
 14385 | D:12     | Noticed a flayed ghost
 14770 | D:12     | Reached XP level 13. HP: 49/90 MP: 0/0
 14770 | D:12     | Learned a level 5 spell: Alistair's Intoxication
 14788 | D:12     | Killed juan097's ghost
 14862 | D:12     | Reached skill level 5 in Evocations
 14901 | D:12     | Identified the +0 ring mail "Udery" {Dex+2}
 14915 | D:12     | Identified a scroll of acquirement
 14917 | D:12     | Acquired a staff of fire
 15153 | Lair:1   | Entered Level 1 of the Lair of Beasts
 15534 | Lair:1   | Reached ***** piety under Makhleb
 15811 | Lair:3   | Noticed a seven-headed hydra
 15947 | Lair:2   | Reached skill level 13 in Dodging
 16018 | Lair:2   | Found a hole to the Spider Nest.
 16563 | Lair:2   | Noticed a six-headed hydra
 16571 | Lair:2   | Killed a six-headed hydra
 16574 | Lair:2   | Reached XP level 14. HP: 96/96 MP: 0/0
 16614 | Lair:2   | Found a staircase to the Swamp.
 16845 | Lair:2   | Identified the +9 sling of Fragile Peace {flame, rN+ Will-
                  | rCorr}
 17751 | Lair:4   | Reached skill level 14 in Dodging
 18051 | Lair:5   | Entered Level 5 of the Lair of Beasts
 18317 | Lair:4   | Found a runed translucent door.
 18321 | Lair:4   | Found a staircase to the Slime Pits.
 18491 | Lair:4   | Reached ****** piety under Makhleb
 19042 | Lair:5   | Reached skill level 15 in Dodging
 19299 | Lair:5   | Slain by a boulder beetle

Illustrated notes

Levels and vault maps discovered:
D:1:      dpeg_arrival_castle, layout_loops_ring
D:2:      layout_basic, dreamdust_ecumenical_altar_grove, minmay_misc_feat_room
D:3:      layout_rooms, nicolae_overflow_ecumenical_swirl,
          overflow_temple_1_default, lemuel_coloured_pillars_altar,
          minmay_misc_feat_enclosed
D:4:      gammafunk_wand_slinger, layout_rooms, vehumet_altar_wand_db,
          kennysheep_mini, okawaru_altar_gauntlet_db, uniq_blork_the_orc,
          uniq_eustachio
D:5:      layout_basic, gammafunk_temple_overflow_wave,
          minmay_temple_entry_trees, minmay_crystal_water, uniq_grinder
D:6:      layout_basic, fedhas_altar_2, hellmonk_ghost_happy_afterlife,
          uniq_sigmund, uniq_duvessa
D:7:      layout_basic, mainiacjoe_overflow_alcove_1, nzn_wu_jian_contemplation
D:8:      layout_gridville, lemuel_doored_altar,
          nicolae_qazlal_beasts_of_the_sky, nicolae_overflow_hidden_temple,
          erik_lair_island, enter_bailey_3, serial_shops, shop, uniq_pikel
D:9:      layout_roguey, serial_rivers, chequers_serial_rivers_marsh,
          chequers_serial_rivers_micro_d, chequers_serial_rivers_micro_a,
          chequers_serial_rivers_room_a, chequers_serial_rivers_micro_a,
          chequers_serial_rivers_room_a, minmay_shop_grid_forest
D:10:     layout_rooms, serial_bayou, serial_bayou_pond_b, serial_bayou_pond_e,
          serial_bayou_lagoon_b, serial_bayou_ford_a
D:11:     layout_roguey, serial_co_window_serial, co_window_paths_b,
          co_window_paths_a, co_window_corner_a, co_window_paths_a,
          co_window_of_opportunity_a, co_window_of_opportunity_a,
          co_window_of_opportunity_a, co_window_broadway_b, co_window_2corner,
          co_window_corner_ca, co_window_corner_cb, co_window_corner_b,
          co_window_4corner_b, glass_columns_a, glass_columns_a, glass_columns_b
D:12:     layout_basic, orc_0_dummy, gammafunk_ghost_spectres
D:13:     layout_loops_cross, ximxim_vaults_locker_room, serial_shops, shop,
          nicolae_transporter_intersection
Lair:1:   layout_roguey, nzn_sisyphean_effort
Lair:2:   layout_roguey, palyth_hydra_swamp_entry,
          nicolae_spider_entry_tight_spaces, lemuel_old_faithful
Lair:3:   layout_cave_shapes, serial_bayou_shore_b
Lair:4:   layout_regular_city, slime_entry_2, serial_rivers,
          chequers_serial_rivers_micro_e, chequers_serial_rivers_room_a,
          chequers_serial_rivers_room_b, chequers_serial_rivers_small_b,
          beast_lair_carwin_4, serial_bayou_shore_a
Lair:5:   hellmonk_lair_end_abyssal_woods, layout_regular_city

Skill      XL: |  1  2  3  4  5  6  7  8  9 10 11 12 13 14 |
---------------+-------------------------------------------+-----
Spellcasting   | 4 5 7 8 9 |  9.2
Conjurations   | 4 5 7 8 9 |  9.2
Hexes          | 4 5 7 8 9 |  9.2
Summonings     | 4 5 7 8 9 |  9.2
Necromancy     | 4 5 7 8 9 |  9.2
Translocations | 4 5 7 8 9 |  9.2
Transmutations | 4 5 7 8 9 |  9.2
Fire Magic     | 4 5 7 8 9 |  9.2
Ice Magic      | 4 5 7 8 9 |  9.2
Air Magic      | 4 5 7 8 9 |  9.2
Earth Magic    | 4 5 7 8 9 |  9.2
Poison Magic   | 4 5 7 8 9 |  9.2
Stealth        | 2 4 5 6 7 8 9 |  9.9
Dodging        | 3 4 6 8 11 12 13 15 | 15.0
Fighting       | 1 2 3 5 6 7 |  7.0
Invocations    | 1 4 5 6 8 9 |  9.6
Evocations     | 2 4 6 8 |  8.4
Staves         | |  0.7
Throwing       | |  0.1

Action                     |  1- 3 |  4- 6 |  7- 9 | 10-12 | 13-15 || total
---------------------------+-------+-------+-------+-------+-------++-------
  Melee: Unarmed           |     1 |       |       |       |       ||     1
         Staff             |     7 |    22 |    48 |   161 |   212 ||   450
         Punch             |       |       |     1 |     3 |     1 ||     5
  Throw: Dart              |       |       |       |       |     2 ||     2
   Cast: Foxfire           |    35 |    55 |    75 |   141 |     5 ||   311
         Call Imp          |       |     2 |     3 |    31 |    24 ||    60
         Scorch            |       |       |    33 |    70 |     2 ||   105
         Call Canine Famil |       |       |     9 |    42 |    57 ||   108
         Volatile Blastmot |       |       |     9 |    13 |     3 ||    25
         Inner Flame       |       |       |     8 |    31 |    41 ||    80
         Stone Arrow       |       |       |     7 |    23 |    28 ||    58
         Irradiate         |       |       |       |    24 |    24 ||    48
         Flame Wave        |       |       |       |       |    11 ||    11
         Slow              |       |       |       |       |     1 ||     1
         Alistair's Intoxi |       |       |       |       |     1 ||     1
 Invoke: Lesser Servant of |       |       |       |     1 |     2 ||     3
         Major Destruction |       |       |       |       |     1 ||     1
  Evoke: Lightning rod     |       |       |       |     2 |       ||     2
         Wand              |       |       |       |     1 |       ||     1
    Use: Potion            |     2 |     2 |     5 |     1 |       ||    10
         Scroll            |       |       |    11 |     7 |     9 ||    27
   Stab: Sleeping          |     1 |     1 |       |     1 |     4 ||     7
         Invisible         |       |     1 |       |       |       ||     1
         Distracted        |       |       |       |       |     2 ||     2
 Armour: Robe              |    10 |    18 |     9 |    56 |    32 ||   125
  Dodge: Dodged            |    27 |    57 |   104 |   459 |   355 ||  1002

Table legend: (Time is in decaauts)
 A = Elapsed time spent in this place.
 B = Non-inter-level travel time spent in this place.
 C = Inter-level travel time spent in this place.
 D = Time resting spent in this place.
 E = Time spent auto-exploring this place.
 F = Levels seen in this place.
 G = Mean time per level.
                   A        B        C        D        E       F      G
               +--------+--------+--------+--------+--------+-----+--------+
         Total |  19425 |  18756 |    669 |   2253 |   8108 |  19 | 1022.4 |
       Dungeon |  14312 |  13713 |    599 |   1948 |   6368 |  13 | 1100.9 |
          Lair |   4169 |   4099 |     70 |    152 |   1731 |   5 |  833.8 |
        Bailey |    943 |    943 |      0 |    153 |      9 |   1 |  943.0 |
               +--------+--------+--------+--------+--------+-----+--------+

Top non-repeatable levels by time:
    D:12: 1760 daAuts
     D:7: 1588 daAuts
     D:6: 1392 daAuts
     D:8: 1258 daAuts
     D:5: 1227 daAuts
  Lair:2: 1206 daAuts
     D:3: 1171 daAuts
     D:2: 1138 daAuts
     D:9: 1113 daAuts
    D:11: 1081 daAuts
    D:10: 1017 daAuts
  Lair:4: 1000 daAuts
  Bailey: 943 daAuts
     D:1: 824 daAuts
     D:4: 736 daAuts
